 Dungeon Crawl Stone Soup version 0.22.1-1-ga44c0e5 (webtiles) character file.

72 Philogelos the Conjurer (level 4, -3/33 HPs)
             Began as a Draconian Conjurer on Oct 1, 2018.
             Killed from afar by Natasha (8 damage)
             ... with a magic dart
             ... on level 2 of the Dungeon.
             The game lasted 00:06:36 (1109 turns).

Philogelos the Conjurer (Draconian Conjurer)        Turns: 1109, Time: 00:06:38

Health: -3/33      AC:  5    Str: 11    XL:     4   Next: 7%
Magic:  4/7        EV: 12    Int: 15    God:
Gold:   118        SH:  0    Dex: 12    Spells: 6/7 levels left

rFire    . . .     SeeInvis .   k - +0 quarterstaff
rCold    . . .     Gourm    .   (shield currently unavailable)
rNeg     . . .     Faith    .   (armour unavailable)
rPois    .         Spirit   .   (helmet restricted)
rElec    .         Reflect  .   (no cloak)
rCorr    .         Harm     .   (no gloves)
MR       .....                  (no boots)
Stlth    ++........             (no amulet)
HPRegen  0.11/turn              (no ring)
MPRegen  0.10/turn              (no ring)

@: slowed, very slow
A: unfitting armour, cold-blooded, AC +5
a: no special abilities


You were on level 2 of the Dungeon.
You were near starving.

You visited 1 branch of the dungeon, and saw 3 of its levels.

You collected 118 gold pieces.

Inventory:

Hand Weapons
 d - a +0 short sword
 k - a +0 quarterstaff (weapon)
Armour
 i - a +0 cloak
Scrolls
 a - 3 scrolls of blinking {unknown}
 c - a scroll of remove curse {unknown}
 e - 3 scrolls of identify {unknown}
 g - a scroll of immolation {unknown}
 j - a scroll of enchant armour {unknown}
Potions
 f - 2 potions of curing {unknown}
 h - a potion of lignification {unknown}
 l - a potion of haste {unknown}
Comestibles
 b - a ration


   Skills:
 - Level 1.7 Dodging
 - Level 1.7 Stealth
 - Level 2.0 Spellcasting
 + Level 5.6 Conjurations


You had 6 spell levels left.
You knew the following spells:

 Your Spells              Type           Power        Failure   Level  Hunger
a - Magic Dart            Conj           ###.         2%          1    #......

Your spell library contained the following spells:

 Spells                   Type           Power        Failure   Level  Hunger
 Searing Ray              Conj           ###...       3%          2    ###....
 Dazzling Spray           Conj/Hex       ##....       21%         3    ###....
 Iskenderun's Mystic Bla  Conj           ###.....     22%         4    #####..
 Force Lance              Conj/Tloc      ##......     56%         4    #####..
 Fulminant Prism          Conj/Hex       ##........   56%         4    #####..


Dungeon Overview and Level Annotations

Branches:
Dungeon (3/15)

Altars:

Annotations:
D:2 Natasha


Innate Abilities, Weirdness & Mutations

Your plain brown scales are hard. (AC +5)
You cannot fit into any form of body armour.
You are cold-blooded and may be slowed by cold attacks.


Message History

Natasha mumbles some strange words.
You feel disoriented.
Natasha stares at you and mumbles some strange words.
The magic dart hits you! Natasha casts a spell at you. The magic dart hits you!
You see here a club.
Natasha casts a spell at you.
You feel yourself slow down.
Natasha mumbles some strange words.
Natasha's front paws start to glow.
There is an open door here.
Natasha barely misses you.
You completely miss Natasha.
You are near starving!
Natasha claws you.
* * * LOW HITPOINT WARNING * * *
Natasha stares at you and mumbles some strange words.
The magic dart hits you!
You die...

#.####......
############.#...#.#.#.
#......................
#....#######.#.###.#.#.
#....# #...##......
####....# #########.#.##
........### #....# #..>...
..........#####..# ##.#.#.
.....#...@h....).# #.)....
.....#....######.####.#.#.
.....###### #..h.......
#### ######.#.##
####.....#
#######...#.#.##
#.......##.....# ##
#.....h.###.#.##
...#####ยง.......##.###


You could see Natasha.

Vanquished Creatures
  An orc wizard (D:3)
  2 worms (D:2)
  A dart slug (D:2)
  2 orcs (D:3)
  A ball python (D:2)
  4 giant cockroaches
  3 goblins
  4 hobgoblins (D:2)
  3 jackals (D:2)
  2 kobolds
  4 bats
  2 frilled lizards (D:2)
  A rat (D:2)
30 creatures vanquished.

Notes
Turn   | Place    | Note
-------+----------+-------------------------------------------
     0 | D:1      | Philogelos the Draconian Conjurer began the quest for the
                  | Orb.
     0 | D:1      | Reached XP level 1. HP: 14/14 MP: 3/3
   429 | D:2      | Reached XP level 2. HP: 20/20 MP: 3/5
   556 | D:3      | Reached skill level 5 in Conjurations
   556 | D:3      | Reached XP level 3. HP: 11/26 MP: 1/6
  1014 | D:2      | Reached XP level 4. HP: 18/33 MP: 2/7
  1080 | D:2      | Noticed Natasha
  1109 | D:2      | Killed from afar by Natasha

Skill      XL: |  1  2 |
---------------+-------+-----
Conjurations   | 5 |  5.6
Dodging        | |  1.7
Stealth        | |  1.7
Spellcasting   | |  2.0

Action                   |  1- 3 |  4- 6 || total
-------------------------+-------+-------++-------
Melee: Unarmed           |     8 |       ||     8
       Tailslap          |    12 |       ||    12
       Short sword       |    53 |       ||    53
       Quarterstaff      |    11 |     1 ||    12
 Cast: Magic Dart        |    34 |     7 ||    41
Armor: Skin              |    19 |     1 ||    20
Dodge: Dodged            |    60 |     1 ||    61
